 Dungeon Crawl Stone Soup version 0.21.1-1-g345015f (webtiles) character file.

29 sankara the Shooter (level 3, 26/30 HPs)
             Began as a Centaur Hunter on Apr 20, 2018.
             Got out of the dungeon alive.
             The game lasted 00:03:47 (738 turns).

sankara the Shooter (Centaur Hunter)                 Turns: 738, Time: 00:03:48

Health: 26/30      AC:  4    Str: 15    XL:     3   Next: 1%
Magic:  3/3        EV:  9    Int: 10    God:
Gold:   35         SH:  0    Dex:  9    Spells: 2/2 levels left

rFire    . . .     SeeInvis .   b - +0 short sword
rCold    . . .     Gourm    .   (no shield)
rNeg     . . .     Faith    .   c - +0 leather armour
rPois    .         Spirit   .   (no helmet)
rElec    .         Reflect  .   (no cloak)
rCorr    .         Harm     .   (no gloves)
MR       .....                  (no barding)
Stlth    +.........             (no amulet)
HPRegen  0.10/turn              (no ring)
MPRegen  0.08/turn              (no ring)

@: very quick
A: large, hooves 3, deformed body, speed 2, tough skin 3
a: no special abilities


You escaped.
You were not hungry.

You visited 1 branch of the dungeon, and saw 1 of its levels.

You collected 35 gold pieces.

Inventory:

Hand Weapons
 a - a +1 shortbow
 b - a +0 short sword (weapon)
Missiles
 d - 20 arrows
Armour
 c - a +0 leather armour (worn)
Jewellery
 h - an uncursed ring of fire {rF+, rC-}
   (You found it on level 1 of the Dungeon)
Scrolls
 e - a scroll of remove curse {unknown}
 g - a scroll of teleportation {unknown}
Potions
 i - a potion of lignification {unknown}
Comestibles
 f - 3 rations


   Skills:
 - Level 2.3 Fighting
 + Level 5.8 Bows
 - Level 1.6 Dodging
 - Level 1.0 Stealth


You had 2 spell levels left.
You didn't know any spells.

Dungeon Overview and Level Annotations

Branches:
Dungeon (1/15)

Altars:


Innate Abilities, Weirdness & Mutations

You have hooves in place of feet.
Armour fits poorly on your strangely shaped body.
You cover ground very quickly.
You have extremely tough skin. (AC +3)


Message History

Firing (i - inventory):
d - 15 arrows (quivered)
Press: ? - help, Shift-Dir - straight line, f - dart slug
Aim: a dart slug (clinging)
You shoot an arrow. The arrow hits the dart slug.
The dart slug is moderately wounded.
Firing (i - inventory):
d - 14 arrows (quivered)
Press: ? - help, Shift-Dir - straight line, f/p - dart slug
Aim: a dart slug (moderately wounded, clinging)
You shoot an arrow. The arrow hits the dart slug!
You kill the dart slug!
Training target 1.0 for Stealth reached!
Your Stealth skill increases to level 1!
You start resting.
Some of the chunks of flesh in your inventory have rotted away.
A goblin comes into view.
Firing (i - inventory):
d - 13 arrows (quivered)
Press: ? - help, Shift-Dir - straight line, f - goblin
Aim: a goblin (hasn't noticed you)
You shoot an arrow. The arrow closely misses the goblin.
The goblin shouts!
Firing (i - inventory):
d - 12 arrows (quivered)
Press: ? - help, Shift-Dir - straight line, f/p - goblin
Aim: a goblin You shoot an arrow.
The arrow hits the goblin!
You kill the goblin!
You start resting.
Some of the chunks of flesh in your inventory have rotted away.
A bat comes into view.
Firing (i - inventory):
d - 11 arrows (quivered)
Press: ? - help, Shift-Dir - straight line, f - bat
Aim: a bat
Okay, then.
b - a +0 short sword (weapon)
A ball python comes into view.
The ball python hisses angrily.
The bat closely misses you.
You hit the bat. Your kick misses the bat.
The bat is severely wounded.
The bat closely misses you. The bat closely misses you.
You barely miss the bat.
You kill the bat!
The ball python misses you.
You closely miss the ball python.
The ball python bites you but does no damage.
You hit the ball python.
You kill the ball python!
Things that are here:
a dagger; a short sword; a goblin corpse
d - 12 arrows (gained 1)
d - 13 arrows (gained 1)
d - 14 arrows (gained 1)
d - 15 arrows (gained 1)
d - 16 arrows (gained 1)
d - 20 arrows (gained 4)
There is an open door here.
All of the chunks of flesh in your inventory have rotted away.
Found a stone staircase leading down.
HP restored.
g - a scroll labeled NAEGOALANAI A rat comes into view.
A rat is nearby!
A hobgoblin comes into view. It is wielding a club.
The hobgoblin shouts!
You hit the rat.
The rat is heavily wounded.
The rat closely misses you.
You hit the rat.
You kill the rat!
You hit the hobgoblin.
The hobgoblin is lightly wounded.
The hobgoblin hits you with a club.
You hit the hobgoblin.
You kill the hobgoblin!
You have reached level 3!
Your experience leads to an increase in your attributes!
Increase (S)trength, (I)ntelligence, or (D)exterity?
Welcome back, sankara the Centaur Hunter.
Press ? for a list of commands and other information.
You have reached level 3!
Your experience leads to an increase in your attributes!
Increase (S)trength, (I)ntelligence, or (D)exterity?
Welcome back, sankara the Centaur Hunter.
Press ? for a list of commands and other information.
You have reached level 3!
Your experience leads to an increase in your attributes!
Increase (S)trength, (I)ntelligence, or (D)exterity?
Welcome back, sankara the Centaur Hunter.
Press ? for a list of commands and other information.
You have reached level 3!
Your experience leads to an increase in your attributes!
Increase (S)trength, (I)ntelligence, or (D)exterity?
You feel stronger.
(D) Dungeon
Where to? (? - help)
What level of the Dungeon? (default 1, ? - help) You're already here!
There is a staircase leading out of the dungeon here.
Are you sure you want to leave the Dungeon?
This will make you lose the game!
You have escaped!

.....#............ .......#.....
.....#.........##....... ..#.....
.....#.........##................
........##............##.........
........##............##.........
##...............................
#............................#..
#...##........>.........##...#..
#...##.........@........##......
##...............................
)..............................##
........##............##.......#.
........##............##.......#.
...###.........##..........##..#.
...# #.........##..........##.(..
†).........................##+#..
......###........................


There were no monsters in sight!

Vanquished Creatures
  2 dart slugs (D:1)
  A leopard gecko (D:1)
  A ball python (D:1)
  6 bats (D:1)
  A giant cockroach (D:1)
  3 goblins (D:1)
  3 hobgoblins (D:1)
  A frilled lizard (D:1)
  3 kobolds (D:1)
  3 rats (D:1)
24 creatures vanquished.

Notes
Turn   | Place    | Note
-------+----------+-------------------------------------------
     0 | D:1      | sankara the Centaur Hunter began the quest for the Orb.
     0 | D:1      | Reached XP level 1. HP: 17/17 MP: 1/1
   112 | D:1      | Reached XP level 2. HP: 11/24 MP: 2/2
   498 | D:1      | Reached skill level 1 in Stealth
   721 | D:1      | Reached XP level 3. HP: 25/30 MP: 3/3
   738 | D:$      | Got out of the dungeon alive.

Skill      XL: |  1  2 |
---------------+-------+-----
Stealth        | 1 |  1.0
Fighting       | |  2.3
Bows           | |  5.8
Dodging        | |  1.6

Action                   || total
-------------------------++-------
Melee: Short sword       ||    58
       Kick              ||     7
 Fire: Shortbow          ||    15
Armor: Leather armour    ||    33
Dodge: Dodged            ||    49

Vault maps used:
D:1:      dpeg_arrival_stonehenge_8_columns, minmay_pentomino_o2

Table legend:
 A = Turns spent in this place as a percentage of turns spent in the entire game.
 B = Non-inter-level travel turns spent in this place as a percentage of non-inter-level travel turns spent in the entire game.
 C = Inter-level travel turns spent in this place as a percentage of turns spent in this place.
 D = Turns resting spent in this place as a percentage of non-inter-level travel turns spent in this place.
 E = Turns spent auto-exploring this place as a percentage of non-inter-level travel turns spent in this place.
 F = Non-inter-level travel turns spent in this place divided by the number of levels of this place that you've seen.
                   A       B       C       D       E      F
               +-------+-------+-------+-------+-------+----------------------
         Total | 100.0 | 100.0 |   2.2 |  49.7 |  28.1 | 722.0
       Dungeon | 100.0 | 100.0 |   2.2 |  49.7 |  28.1 | 722.0
               +-------+-------+-------+-------+-------+----------------------

Table legend:
 A = Kills in this place as a percentage of kills in entire the game.
 B = Kills by you in this place as a percentage of kills by you in the entire game.
 C = Kills by friends in this place as a percentage of kills by friends in the entire game.
 D = Other kills in this place as a percentage of other kills in the entire game.
 E = Experience gained in this place as a percentage of experience gained in the entire game.
 F = Experience gained in this place divided by the number of levels of this place that you have seen.
                   A       B       C       D       E      F
               +-------+-------+-------+-------+-------+----------------------
         Total | 100.0 | 100.0 |   N/A |   N/A | 100.0 |  42.0
       Dungeon | 100.0 | 100.0 |   N/A |   N/A | 100.0 |  42.0
               +-------+-------+-------+-------+-------+----------------------
